 Dungeon Crawl Stone Soup version 0.23-a0-373-g305c090 (webtiles) character file.

175 BingusPrime the Sneak (level 5, 0/35 HPs)
             Began as an Octopode Assassin on Oct 25, 2018.
             Slain by an orc
             ... wielding a +0 mace
              (3 damage)
             ... on level 3 of the Dungeon.
             The game lasted 00:11:23 (2386 turns).

BingusPrime the Sneak (Octopode Assassin)           Turns: 2386, Time: 00:11:24

Health: 0/35       AC:  1    Str: 10    XL:     5   Next: 55%
Magic:  5/5        EV: 18    Int: 14    God:
Gold:   135        SH:  0    Dex: 19    Spells: 4/4 levels left

rFire    . . .     SeeInvis .   b - +0 blowgun
rCold    . . .     Gourm    .   (no shield)
rNeg     . . .     Faith    .   (helmet restricted)
rPois    .         Spirit   .   (no amulet)
rElec    .         Reflect  .   (no ring)
rCorr    .         Harm     .   (no ring)
MR       .....                  (no ring)
Stlth    ++++++....             (no ring)
HPRegen  0.11/turn              (no ring)
MPRegen  0.09/turn              (no ring)
                                (no ring)
                                (no ring)

@: agile, slowed, very slow
A: almost no armour, stealthy swim, amphibious, 8 rings, constrict 8, camouflage
1, gelatinous body 1
a: no special abilities


You were on level 3 of the Dungeon.
You were not hungry.

You visited 1 branch of the dungeon, and saw 3 of its levels.

You collected 135 gold pieces.

Inventory:

Hand Weapons
 a - a +2 dagger
 b - a +0 blowgun (weapon)
Missiles
 c - 3 poisoned needles (quivered)
 h - 40 arrows
 i - 2 curare-tipped needles
 j - 36 sling bullets
 m - 39 bolts
Jewellery
 r - an uncursed amulet of harm
Scrolls
 g - a scroll of remove curse
 k - 3 scrolls of teleportation
 o - a scroll of enchant weapon {unknown}
Potions
 l - a potion of degeneration {unknown}
 n - a potion of haste {unknown}
 p - 2 potions of heal wounds {unknown}
 q - a potion of brilliance {unknown}
Comestibles
 f - 2 rations


   Skills:
 + Level 2.4 Fighting
 + Level 2.4 Short Blades
 + Level 4.1 Throwing
 + Level 1.5 Dodging
 * Level 6.6 Stealth


You had 4 spell levels left.
You didn't know any spells.
Your spell library contained the following spells:

 Spells                   Type           Power        Failure   Level  Hunger
 Beastly Appendage        Tmut           #.....       28%         1    ##.....
 Sticks to Snakes         Tmut           #.......     41%         2    ###....
 Spider Form              Tmut/Pois      #.........   65%         3    ####...
 Ice Form                 Ice/Tmut       #.......     96%         4    #####..
 Blade Hands              Tmut           #.........   100%        5    ######.


Dungeon Overview and Level Annotations

Branches:
Dungeon (3/15)

Altars:

Annotations:
D:3 Natasha


Innate Abilities, Weirdness & Mutations

You cannot wear most types of armour.
You are very stealthy in the water. (Stealth+)
You are amphibious.
You can wear up to eight rings at the same time.
You can use your tentacles to constrict eight enemies at once.
Your skin changes colour to match your surroundings (Stealth+).
Your rubbery body absorbs attacks. (AC +1, EV +1)


Message History

Okay, then.
You are too injured to fight recklessly!
Firing (i - inventory. (/) - cycle)
c - 4 poisoned needles (quivered)
Press: ? - help, Shift-Dir - straight line, f/p - Natasha
Aim: Natasha (severely wounded, poisoned)
You shoot a poisoned needle.
The poisoned needle closely misses the orc.
The poisoned needle hits the shadow imp.
The orc closely misses you. The shadow imp hits you.
* * * LOW HITPOINT WARNING * * *
It was a potion of curing.
You feel better. The orc hits you but does no damage. The shadow imp hits you.
The orc hits you with a +0 mace!
* * * LOW HITPOINT WARNING * * *
It was a potion of agility.
You feel agile all of a sudden.
Natasha looks more healthy.
The shadow imp misses you.
Natasha mumbles some strange words.
The orc hits you with a +0 mace.
You die...

......#.###..####.#######...#
.######.##..........##......#
.# #....#....###.#..#....#
)#######...†................#
............###.###.#.###...#
............. #.###.#.# #####
..........##..#..##...#
..........#
#...5##..#########
#.........# ##@oh...........
#..##.###...# #.5.....######
......# #.# ##......######
...#### # #......)(((.# ...#
........)(###... .###
....###.##.# ## .... .... .(#
#.#######.... #. #...


You could see Natasha, a white imp, a shadow imp and an orc.

Vanquished Creatures
  Jessica (D:2)
  Natasha (D:3)
  4 adders
  2 worms (D:2)
  3 dart slugs
  A leopard gecko (D:3)
  2 orcs (D:3)
  A ball python (D:2)
  15 giant cockroaches
  4 goblins
  4 hobgoblins
  9 jackals
  A quokka (D:2)
  6 bats
  4 frilled lizards
  8 kobolds
  4 rats
70 creatures vanquished.

Notes
Turn   | Place    | Note
-------+----------+-------------------------------------------
     0 | D:1      | BingusPrime the Octopode Assassin began the quest for the
                  | Orb.
     0 | D:1      | Reached XP level 1. HP: 14/14 MP: 1/1
   128 | D:1      | Reached XP level 2. HP: 19/19 MP: 2/2
   684 | D:2      | Reached skill level 6 in Stealth
   684 | D:2      | Reached XP level 3. HP: 19/24 MP: 3/3
   911 | D:2      | Noticed Jessica
   920 | D:2      | Killed Jessica
   920 | D:2      | Reached XP level 4. HP: 24/29 MP: 4/4
  1697 | D:2      | Reached XP level 5. HP: 30/35 MP: 5/5
  2117 | D:3      | Noticed Natasha
  2132 | D:3      | Killed Natasha
  2371 | D:3      | Noticed Natasha
  2386 | D:3      | Slain by an orc

Vault maps used:
D:1:      minmay_arrival_split_and_join
D:2:      minmay_roachtagon, uniq_jessica
D:3:      gammafunk_temple_overflow_pools, dk_yredelemnul_ordeal, uniq_natasha

Skill      XL: |  1  2  3  4  5 |
---------------+----------------+-----
Stealth        | 6 |  6.6
Throwing       | 3 4 |  4.1
Fighting       | |  2.4
Short Blades   | |  2.4
Dodging        | |  1.5

Action                   |  1- 3 |  4- 6 || total
-------------------------+-------+-------++-------
Melee: Dagger            |    19 |    50 ||    69
       Tentacles         |     7 |     4 ||    11
       Constrict         |     6 |     9 ||    15
 Fire: Blowgun           |    88 |    90 ||   178
  Use: Scroll            |       |     7 ||     7
       Potion            |       |     2 ||     2
 Stab: Sleeping          |     1 |     3 ||     4
  Eat: Chunk             |       |     1 ||     1
       Ration            |       |     1 ||     1
Armor: Skin              |     1 |    14 ||    15
Dodge: Dodged            |    18 |    65 ||    83

Table legend:
 A = Non-vault XP
 B = Vault XP
 C = Vault XP percentage of total XP
 D = Non-vault monster count
 E = Vault monster count
 F = Vault count percentage of total count
                 A         B        C        D         E       F
            +---------+---------+-------+---------+---------+-------
      Total |     156 |      94 |  37.6 |      57 |      13 |  18.6
            +---------+---------+-------+---------+---------+-------
        D:1 |      23 |       0 |   0.0 |      15 |       0 |   0.0
        D:2 |      92 |      59 |  39.1 |      27 |      12 |  30.8
        D:3 |      41 |      35 |  46.1 |      15 |       1 |   6.2
            +---------+---------+-------+---------+---------+-------
